[Event "RUS-ch Blitz Women 2018"]
[Site "Sochi"]
[Date "2018.10.07"]
[Round "8"]
[White "Borisova, Ekaterina"]
[Black "Belenkaya, Dina"]
[Result "0-1"]
[ECO "D23"]
[WhiteElo "2256"]
[BlackElo "2329"]
[Annotator "NA"]
[PlyCount "88"]
[EventDate "2018.10.07"]
[EventType "swiss"]
[EventCountry "RUS"]
[SourceTitle "playchess.com"]
[Source "ChessBase"]
[SourceQuality "1"]
[TimeControl "180+2"]

1. d4 d5 2. c4 dxc4 3. Nf3 Nf6 4. g3 c5 5. Bg2 Nc6 6. Qa4 cxd4 7. Nxd4 Qxd4 8. Bxc6+ Bd7 9. Bxd7+ Nxd7 10. Nc3 e6 11. Be3 Qd6 12. Qxc4 Qb4 13. Qb5 a6 14. Qxb4 Bxb4 15. a3 Bxc3+ 16. bxc3 Rc8 17. Kd2 Ke7 18. f4 Rhd8 19. Kc2 Rc4 20. Rab1 b5 21. Rhd1 Rdc8 22. Rd3 f6 23. Rb4 h5 24. Rxc4 Rxc4 25. Rd4 Nb6 26. Bf2 g6 27. Rd3 Nd5 28. e4 Rxe4 29. Bc5+ Kd7 30. Kb3 Kc6 31. Bf8 Re2 32. h4 Re3 33. Kc2 Rxd3 34. Kxd3 Nb6 35. Be7 Nc4 36. Kd4 a5 37. a4 e5+ 38. fxe5 fxe5+ 39. Ke4 bxa4 40. Kd3 Kd5 41. Bf8 a3 42. Kc2 a4 43. Be7 e4 44. Bb4 e3 0-1

[Event "RUS-ch Blitz Women 2018"]
[Site "Sochi"]
[Date "2018.10.07"]
[Round "8"]
[White "Lysenko, Margarita"]
[Black "Vasilevich, Tatjana"]
[Result "0-1"]
[ECO "A29"]
[WhiteElo "2210"]
[BlackElo "2360"]
[Annotator "NA"]
[PlyCount "140"]
[EventDate "2018.10.07"]
[EventType "swiss"]
[EventCountry "RUS"]
[SourceTitle "playchess.com"]
[Source "ChessBase"]
[SourceQuality "1"]
[TimeControl "180+2"]

1. c4 e5 2. Nc3 Nf6 3. Nf3 Nc6 4. g3 d5 5. cxd5 Nxd5 6. Bg2 Nb6 7. O-O Be7 8. d3 O-O 9. Bd2 Be6 10. Rc1 f6 11. Be3 Nd5 12. Nxd5 Bxd5 13. a3 a5 14. Nd2 a4 15. Bxd5+ Qxd5 16. Qc2 Rfd8 17. Qc4 Ra5 18. Qxd5+ Rdxd5 19. Rc2 Rab5 20. Rfc1 Kf7 21. Ne4 Rd8 22. Nc3 Ra5 23. Ne4 Rb5 24. Nc3 Ra5 25. Ne4 Bd6 26. Kf1 Ke7 27. Nd2 h6 28. Ne4 f5 29. Nd2 Ke6 30. Nb1 g5 31. Bd2 Ra6 32. e3 h5 33. Ke2 Rh8 34. Bc3 h4 35. Nd2 hxg3 36. hxg3 g4 37. Rd1 Rh2 38. Nc4 Ra8 39. Rcc1 Rah8 40. Nxd6 cxd6 41. d4 exd4 42. Bxd4 R8h3 43. Rg1 Nxd4+ 44. exd4 Kd7 45. Rc4 b5 46. Rcc1 Rh8 47. Rgf1 Re8+ 48. Kd3 Rh6 49. Rce1 Rhe6 50. Rxe6 Rxe6 51. Rh1 Kc6 52. Rh5 Rf6 53. Rg5 Kd5 54. Rg8 f4 55. Rxg4 fxg3 56. fxg3 Rf2 57. Kc3 Rf3+ 58. Kc2 Rf2+ 59. Kc3 Rf3+ 60. Kc2 Kc4 61. d5+ Kxd5 62. Rg5+ Kc4 63. Rg4+ Kc5 64. Rg5+ d5 65. g4 Kc4 66. Rf5 Rg3 67. Rf4+ d4 68. Kd2 Rg2+ 69. Kc1 Kd3 70. Rf5 Rg1+ 0-1

[Event "RUS-ch Blitz Women 2018"]
[Site "Sochi"]
[Date "2018.10.07"]
[Round "8"]
[White "Markelova, Lubov"]
[Black "Kashlinskaya, Alina"]
[Result "0-1"]
[ECO "E91"]
[WhiteElo "2190"]
[BlackElo "2447"]
[Annotator "NA"]
[PlyCount "70"]
[EventDate "2018.10.07"]
[EventType "swiss"]
[EventCountry "RUS"]
[SourceTitle "playchess.com"]
[Source "ChessBase"]
[SourceQuality "1"]
[TimeControl "180+2"]

1. Nf3 Nf6 2. c4 g6 3. Nc3 Bg7 4. e4 d6 5. d4 O-O 6. Be2 Nbd7 7. O-O e5 8. d5 Nc5 9. Qc2 a5 10. Bg5 h6 11. Be3 Nfd7 12. Nd2 {[%emt 0:00:06] E94: King's Indian: Classical: 6 Be2 e5 7 0-0: Various Black 7th moves} f5 13. f3 f4 14. Bf2 Nf6 (14... g5 15. b3 h5 16. a3 Na6 17. Rfb1 Rf6 18. Qd1 Rg6 19. b4 Bf8 {1-0 (47) Savchenko,B (2584)-Nyzhnyk,I (2637) Moscow 2013}) 15. a3 a4 $146 ({Predecessor:} 15... g5 16. b4 Na6 17. Qd1 h5 18. c5 g4 19. Nc4 Rf7 20. Nxa5 {0-1 (37) Markelova,L (2119)-Kashlinskaya,A (2455) Sochi 2017}) 16. Bxc5 dxc5 17. Nxa4 Qd6 18. b4 Nd7 19. Rfc1 g5 20. Nc3 $16 cxb4 21. Nb5 Qc5+ 22. Kh1 bxa3 23. Nb3 Qe3 24. Nxc7 Ra4 25. Ne6 Rf7 26. c5 Nb8 27. Nxg7 Rxg7 28. c6 bxc6 29. dxc6 g4 30. fxg4 Rxe4 31. Bf3 Rb4 32. Qc5 e4 33. Qxb4 exf3 34. Qxb8 fxg2+ 35. Kxg2 Rxg4+ 0-1

[Event "RUS-ch Blitz Women 2018"]
[Site "Sochi"]
[Date "2018.10.07"]
[Round "8"]
[White "Shafigullina, Zarina"]
[Black "Kabanova, Ekaterina"]
[Result "1-0"]
[ECO "A44"]
[WhiteElo "2150"]
[BlackElo "2082"]
[Annotator "NA"]
[PlyCount "87"]
[EventDate "2018.10.07"]
[EventType "swiss"]
[EventCountry "RUS"]
[SourceTitle "playchess.com"]
[Source "ChessBase"]
[SourceQuality "1"]
[TimeControl "180+2"]

1. d4 c5 2. d5 e5 3. dxe6 fxe6 4. c4 Nf6 5. Nc3 Nc6 6. e4 d6 7. Nf3 Be7 8. h3 a6 9. Be3 O-O 10. Be2 Rb8 11. O-O Qc7 12. a3 Bd7 13. Qc2 h6 14. Nh4 Be8 15. Nf3 Bg6 16. Bd3 Nd7 17. Nh2 Nde5 18. Be2 Nd4 19. Qd1 Nec6 20. Bd3 Rf7 21. f4 Rbf8 22. Qg4 Bh7 23. Nf3 Nxf3+ 24. Rxf3 Nd4 25. Bxd4 cxd4 26. Ne2 e5 27. f5 Kh8 28. Ng3 Bg5 29. Raf1 Qb6 30. b4 a5 31. b5 Qc5 32. a4 Qb4 33. Nh5 Qd2 34. Kh1 Bf6 35. R1f2 Qd1+ 36. Rf1 Qxa4 37. Qg3 Qb4 38. h4 b6 39. Qf2 a4 40. g4 a3 41. Rg1 Qb2 42. Qxb2 axb2 43. g5 hxg5 44. hxg5 1-0

[Event "RUS-ch Blitz Women 2018"]
[Site "Sochi"]
[Date "2018.10.07"]
[Round "8"]
[White "Sukhareva, Evgeniya"]
[Black "Sirotkina, Nina"]
[Result "1-0"]
[ECO "D37"]
[WhiteElo "2125"]
[BlackElo "2188"]
[Annotator "NA"]
[PlyCount "101"]
[EventDate "2018.10.07"]
[EventType "swiss"]
[EventCountry "RUS"]
[SourceTitle "playchess.com"]
[Source "ChessBase"]
[SourceQuality "1"]
[TimeControl "180+2"]

1. d4 Nf6 2. c4 e6 3. Nc3 d5 4. Nf3 Be7 5. Bf4 O-O 6. e3 a6 7. a3 dxc4 8. Bxc4 b5 9. Bd3 Bb7 10. e4 Nbd7 11. O-O c5 12. Rc1 cxd4 13. Nxd4 Nc5 14. Be5 Nxd3 15. Qxd3 Rc8 16. Rfd1 Qb6 17. b4 Rfd8 18. Qg3 Ne8 19. Nde2 Bf6 20. Bxf6 Nxf6 21. Qe5 Qxf2+ 22. Kh1 Qb6 23. Rf1 Rd2 24. Rxf6 gxf6 25. Qxf6 Qd8 26. Qf1 Qg5 27. h3 Kg7 28. Re1 Rcd8 29. Ng1 R8d3 30. Nf3 Qg3 31. Ne2 Rxf3 32. gxf3 Qe5 33. Qf2 Kf8 34. Qe3 Bc6 35. Qxd2 Qh5 36. Qe3 Qxh3+ 37. Kg1 f5 38. exf5 Bxf3 39. Qc5+ Kg7 40. Qd4+ Kf8 41. Qd6+ Kg7 42. Qg3+ Qxg3+ 43. Nxg3 exf5 44. Nxf5+ Kf6 45. Nd4 Bd5 46. Kf2 Bc4 47. Ke3 h5 48. Rh1 Kg5 49. Nf3+ Kg4 50. Rh4+ Kg3 51. Rxh5 1-0

[Event "RUS-ch Blitz Women 2018"]
[Site "Sochi"]
[Date "2018.10.07"]
[Round "8"]
[White "Miroshnik, Ekaterina"]
[Black "Kovanova, Baira"]
[Result "0-1"]
[ECO "E16"]
[WhiteElo "2023"]
[BlackElo "2350"]
[Annotator "NA"]
[PlyCount "98"]
[EventDate "2018.10.07"]
[EventType "swiss"]
[EventCountry "RUS"]
[SourceTitle "playchess.com"]
[Source "ChessBase"]
[SourceQuality "1"]
[TimeControl "180+2"]

1. d4 Nf6 2. c4 e6 3. Nf3 Bb4+ 4. Bd2 Qe7 5. a3 Bxd2+ 6. Qxd2 d5 7. e3 O-O 8. Bd3 dxc4 9. Bxc4 a6 10. O-O b5 11. Bd3 c5 12. dxc5 Qxc5 13. Rc1 Qe7 14. Qa5 Bb7 15. Nd4 Nbd7 16. Nd2 Qd6 17. Be2 e5 18. N4b3 Rac8 19. f3 Nd5 20. Kf2 Qh6 21. Nf1 Qh4+ 22. g3 Qh6 23. e4 N5b6 24. Qd2 Qe6 25. Na5 Ba8 26. Qe3 h6 27. Rxc8 Rxc8 28. Rc1 Nc5 29. b4 Nca4 30. Rxc8+ Qxc8 31. Nd2 Qc2 32. Qd3 Qc8 33. Qd6 Qe8 34. Ndb3 f6 35. Nc5 Nxc5 36. bxc5 Nc8 37. Qc7 Ne7 38. a4 Kf7 39. axb5 axb5 40. Qb6 Qd7 41. Qxb5 Qd4+ 42. Kg2 Qd2 43. Qc4+ Kg6 44. h4 h5 45. Kf2 Bc6 46. Nxc6 Nxc6 47. Qd5 Nd4 48. Qc4 Nc2 49. c6 Qe1+ 0-1

[Event "RUS-ch Blitz Women 2018"]
[Site "Sochi"]
[Date "2018.10.07"]
[Round "9"]
[White "Bivol, Alina"]
[Black "Kabanova, Ekaterina"]
[Result "1-0"]
[ECO "A04"]
[WhiteElo "2403"]
[BlackElo "2082"]
[Annotator "NA"]
[PlyCount "99"]
[EventDate "2018.10.07"]
[EventType "swiss"]
[EventCountry "RUS"]
[SourceTitle "playchess.com"]
[Source "ChessBase"]
[SourceQuality "1"]
[TimeControl "180+2"]

1. Nf3 c5 2. g3 e6 3. Bg2 Nf6 4. c4 a6 5. O-O Qc7 6. Nc3 Be7 7. b3 O-O 8. Bb2 d6 9. d4 cxd4 10. Nxd4 Nbd7 11. Rc1 Re8 12. e3 h6 13. Qe2 Rb8 14. b4 Ne5 15. Nb1 Ned7 16. Nd2 Bf8 17. N2b3 e5 18. Nc2 b6 19. a4 Bb7 20. e4 a5 21. Ba3 Rbc8 22. Nd2 axb4 23. Nxb4 Nc5 24. Nd5 Bxd5 25. cxd5 Ra8 26. Bxc5 bxc5 27. Rc4 Reb8 28. Qd3 Rb2 29. Qc3 Qb8 30. f4 Nd7 31. a5 Ra2 32. Bh3 Nf6 33. fxe5 dxe5 34. Nf3 R8xa5 35. Qxe5 Bd6 36. Qf5 Qb2 37. e5 Qe2 38. Rf4 Be7 39. exf6 Bxf6 40. Qc8+ Kh7 41. Bf5+ g6 42. Bh3 Bd4+ 43. Kh1 Ra7 44. Qf8 Bg7 45. Rxf7 Rxf7 46. Qxf7 Qe3 47. d6 Rf2 48. Rxf2 Qxf2 49. d7 Qd4 50. Nxd4 1-0

[Event "RUS-ch Blitz Women 2018"]
[Site "Sochi"]
[Date "2018.10.07"]
[Round "9"]
[White "Ambartsumova, Karina"]
[Black "Vinokur, Yuliya"]
[Result "1-0"]
[ECO "B05"]
[WhiteElo "2379"]
[BlackElo "2170"]
[Annotator "NA"]
[PlyCount "63"]
[EventDate "2018.10.07"]
[EventType "swiss"]
[EventCountry "RUS"]
[SourceTitle "playchess.com"]
[Source "ChessBase"]
[SourceQuality "1"]
[TimeControl "180+2"]

1. e4 Nf6 2. e5 Nd5 3. d4 d6 4. Nf3 Bg4 5. Be2 e6 6. O-O Be7 7. c4 Nb6 8. h3 Bh5 9. exd6 cxd6 10. Nc3 O-O 11. b3 Nc6 12. d5 exd5 13. Nxd5 Nxd5 14. Qxd5 Bf6 15. Qxh5 Bxa1 16. Bg5 Bf6 17. Bd3 g6 18. Qh4 Bxg5 19. Nxg5 h5 20. Qg3 Ne5 21. Bc2 Qf6 22. Rd1 Rad8 23. Ne4 Qe7 24. Nc3 h4 25. Qf4 Kg7 26. Nd5 Qe6 27. Qxh4 Rh8 28. Qg3 Rh5 29. Nf4 Nf3+ 30. Qxf3 Qe5 31. Nxh5+ Qxh5 32. Qxh5 1-0

[Event "RUS-ch Blitz Women 2018"]
[Site "Sochi"]
[Date "2018.10.07"]
[Round "9"]
[White "Charochkina, Daria"]
[Black "Sukhareva, Evgeniya"]
[Result "0-1"]
[ECO "A65"]
[WhiteElo "2344"]
[BlackElo "2125"]
[Annotator "NA"]
[PlyCount "88"]
[EventDate "2018.10.07"]
[EventType "swiss"]
[EventCountry "RUS"]
[SourceTitle "playchess.com"]
[Source "ChessBase"]
[SourceQuality "1"]
[TimeControl "180+2"]

1. d4 Nf6 2. c4 e6 3. Nc3 c5 4. d5 exd5 5. cxd5 d6 6. e4 a6 7. a4 g6 8. f4 Bg7 9. Nf3 O-O 10. Be2 Re8 11. Nd2 Qe7 12. O-O h5 13. h3 h4 14. Bf3 Nh7 15. Nc4 Nd7 16. e5 dxe5 17. d6 Qd8 18. Bd5 e4 19. Nxe4 Nhf6 20. Nxf6+ Nxf6 21. Bf3 Be6 22. Ne5 Rb8 23. Be3 Nd7 24. Nxd7 Qxd7 25. Bxc5 Bxb2 26. Rb1 Bg7 27. Bb6 Rec8 28. Bc7 Rxc7 29. dxc7 Qxc7 30. Qc1 Qe7 31. Kh1 b5 32. Qc6 b4 33. Qxa6 b3 34. Rfd1 b2 35. Re1 Qf6 36. Bg4 Ba2 37. Qa7 Rd8 38. a5 Bxb1 39. Rxb1 Qxf4 40. Qg1 Qa4 41. Qe1 Re8 42. Qd2 Qa2 43. Qc2 Qxa5 44. Bf3 Re1+ 0-1

[Event "RUS-ch Blitz Women 2018"]
[Site "Sochi"]
[Date "2018.10.07"]
[Round "9"]
[White "Dordzhieva, Dinara"]
[Black "Lysenko, Margarita"]
[Result "1-0"]
[ECO "A05"]
[WhiteElo "2340"]
[BlackElo "2210"]
[Annotator "NA"]
[PlyCount "67"]
[EventDate "2018.10.07"]
[EventType "swiss"]
[EventCountry "RUS"]
[SourceTitle "playchess.com"]
[Source "ChessBase"]
[SourceQuality "1"]
[TimeControl "180+2"]

1. Nf3 Nf6 2. c4 g6 3. g3 Bg7 4. Bg2 O-O 5. d4 c6 6. Nc3 d5 7. cxd5 cxd5 8. Ne5 Nc6 9. Nxc6 bxc6 10. O-O Rb8 11. b3 Nd7 12. Ba3 Re8 13. Rc1 e5 14. dxe5 Nxe5 15. Na4 Qa5 16. Bd6 Rb5 17. h3 Qd8 18. Bxe5 Bxe5 19. Rxc6 Bb7 20. Rc5 Rxc5 21. Nxc5 Ba8 22. Nd3 Bc7 23. Qc2 Bb6 24. Bf3 Qd7 25. Bg4 f5 26. Bf3 Bc6 27. Rc1 Bb5 28. Qd2 Kg7 29. Nf4 d4 30. Nd5 Bd8 31. Qxd4+ Kg8 32. a4 Ba6 33. Nf6+ Bxf6 34. Qxd7 1-0

[Event "RUS-ch Blitz Women 2018"]
[Site "Sochi"]
[Date "2018.10.07"]
[Round "9"]
[White "Maletina, Tatiana"]
[Black "Sirotkina, Nina"]
[Result "1-0"]
[ECO "A40"]
[WhiteElo "2270"]
[BlackElo "2188"]
[Annotator "NA"]
[PlyCount "69"]
[EventDate "2018.10.07"]
[EventType "swiss"]
[EventCountry "RUS"]
[SourceTitle "playchess.com"]
[Source "ChessBase"]
[SourceQuality "1"]
[TimeControl "180+2"]

1. d4 Nf6 2. c4 e6 3. g3 Bb4+ 4. Bd2 Qe7 5. Bg2 Nc6 6. Nf3 O-O 7. O-O Bxd2 8. Nbxd2 d6 9. e4 e5 10. d5 Nd8 11. b4 b6 12. Ne1 a5 13. a3 Ne8 14. Nd3 f5 15. Qe2 Nf6 16. f3 fxe4 17. Nxe4 Ba6 18. Rac1 Nf7 19. Kh1 axb4 20. axb4 Bb7 21. Ndf2 Nh6 22. Nxf6+ Qxf6 23. Ne4 Qe7 24. Bh3 Bc8 25. Qg2 Nf5 26. Bxf5 Bxf5 27. Ra1 Bxe4 28. Rxa8 Rxa8 29. fxe4 h6 30. Qh3 Rf8 31. Rxf8+ Qxf8 32. Kg2 Qe7 33. Qc8+ Kh7 34. h4 Kg6 35. Qf5# 1-0

[Event "RUS-ch Blitz Women 2018"]
[Site "Sochi"]
[Date "2018.10.07"]
[Round "9"]
[White "Borisova, Ekaterina"]
[Black "Vasilevich, Irina"]
[Result "1-0"]
[ECO "A40"]
[WhiteElo "2256"]
[BlackElo "2160"]
[Annotator "NA"]
[PlyCount "67"]
[EventDate "2018.10.07"]
[EventType "swiss"]
[EventCountry "RUS"]
[SourceTitle "playchess.com"]
[Source "ChessBase"]
[SourceQuality "1"]
[TimeControl "180+2"]

1. d4 e6 2. g3 c5 3. c4 cxd4 4. Qxd4 Nc6 5. Qf4 b6 6. Bg2 Bb7 7. Nf3 Nf6 8. Nc3 Bb4 9. O-O O-O 10. a3 Bxc3 11. bxc3 Qb8 12. Qg5 Ne4 13. Qh4 Na5 14. Bf4 Qd8 15. Ng5 Nxg5 16. Bxb7 Nxb7 17. Bxg5 f6 18. Be3 Qc7 19. Rfd1 Rac8 20. Rd4 Nc5 21. Rad1 Rf7 22. R4d2 Nb3 23. Rb2 Na5 24. c5 bxc5 25. Rb5 d6 26. Qe4 Re7 27. Rdb1 f5 28. Qa4 Nc6 29. Qa6 Qd8 30. Bg5 h6 31. Bxe7 Nxe7 32. Qxa7 f4 33. Rb7 Nc6 34. Rxg7+ 1-0

[Event "RUS-ch Blitz Women 2018"]
[Site "Sochi"]
[Date "2018.10.07"]
[Round "9"]
[White "Diakonova, Ekaterina"]
[Black "Guseva, Marina"]
[Result "0-1"]
[ECO "B13"]
[WhiteElo "2236"]
[BlackElo "2292"]
[Annotator "NA"]
[PlyCount "88"]
[EventDate "2018.10.07"]
[EventType "swiss"]
[EventCountry "RUS"]
[SourceTitle "playchess.com"]
[Source "ChessBase"]
[SourceQuality "1"]
[TimeControl "180+2"]

1. e4 c6 2. d4 d5 3. exd5 cxd5 4. Bd3 Nc6 5. c3 Nf6 6. Ne2 Bg4 7. O-O e6 8. Qe1 Bxe2 9. Qxe2 Qc7 10. f4 Bd6 11. Be3 O-O 12. Nd2 Rfe8 13. g4 a6 14. a4 Rac8 15. b4 Ne7 16. Rac1 Ng6 17. g5 Nd7 18. Qh5 Ndf8 19. Bxg6 Nxg6 20. Qg4 Ne7 21. Nb3 Nf5 22. Bd2 Qc4 23. Nc5 b6 24. Nd7 Qc6 25. Ne5 Qxa4 26. Rf3 Qa2 27. Rd3 a5 28. bxa5 bxa5 29. Rf1 Rb8 30. h4 Rb1 31. h5 Rxf1+ 32. Kxf1 Qb1+ 33. Ke2 Bxe5 34. fxe5 a4 35. g6 fxg6 36. hxg6 h6 37. Rf3 a3 38. Rf1 Qb5+ 39. Kf2 a2 40. Qd1 Ra8 41. Qa1 Qd3 42. Rd1 Qg3+ 43. Ke2 Qg2+ 44. Kd3 Qe4# 0-1

[Event "RUS-ch Blitz Women 2018"]
[Site "Sochi"]
[Date "2018.10.07"]
[Round "9"]
[White "Goltseva, Ekaterina"]
[Black "Belenkaya, Dina"]
[Result "0-1"]
[ECO "D26"]
[WhiteElo "2169"]
[BlackElo "2329"]
[Annotator "ChessBase"]
[PlyCount "172"]
[EventDate "2018.10.07"]
[EventType "swiss"]
[EventCountry "RUS"]
[SourceTitle "playchess.com"]
[Source "ChessBase"]
[SourceQuality "1"]
[TimeControl "180+2"]

1. d4 d5 2. c4 dxc4 3. Nf3 Nf6 4. e3 e6 5. Bxc4 a6 6. O-O c5 7. dxc5 Bxc5 8. Qxd8+ Kxd8 9. Nbd2 Ke7 10. Be2 Bd7 11. Nb3 Bb6 12. Bd2 Nc6 13. Rfd1 Rhd8 14. Bc3 g6 15. Nfd4 Nd5 16. Be1 Ke8 17. Bf3 Nce7 18. g3 Rac8 19. e4 Nf6 20. Bc3 e5 21. Nc2 Nc6 22. Ne1 Be6 23. Nd2 Ng4 24. Bxg4 Bxg4 25. Rdc1 Nd4 26. Bxd4 Bxd4 27. Rxc8 Rxc8 28. Rb1 Be2 29. Kg2 Ke7 30. Nb3 Bb6 31. f3 a5 32. Rc1 Rd8 33. Rc2 Bd1 34. Rd2 Bxb3 35. Rxd8 Bxd8 36. axb3 Kd6 37. Nd3 f5 38. Kf2 Bb6+ 39. Ke2 h5 40. h3 Bd4 41. Kd2 Ke6 42. Ke2 b5 43. Kd2 Kd6 44. Kc2 Bg1 45. Kc3 Bh2 46. g4 fxg4 47. fxg4 Bg1 48. Kd2 Bd4 49. Kc2 Ke6 50. Ne1 Kf6 51. Nf3 Be3 52. Kd3 Bc1 53. Kc3 Be3 54. Kd3 Bf4 55. Kc3 Ke6 56. Kd3 Kd6 57. Kc3 Ke6 58. Kd3 Kd6 59. Kc3 Bg3 60. Kd3 Kc5 61. Kc3 Bf4 62. Ne1 Kc6 63. Nf3 Kd6 64. Kd3 Kc5 65. Kc3 Bg3 66. Ng5 Be1+ 67. Kd3 Kb4 68. Kc2 a4 69. bxa4 bxa4 70. Nf7 Bg3 71. Nh8 hxg4 72. hxg4 g5 73. Nf7 Bf4 74. Nd6 Kc5 75. Nf5 Kc4 76. Ng7 Kd4 77. Ne6+ Kxe4 78. Nc5+ Kf3 79. Nxa4 Kxg4 80. b4 Kf3 81. Nc3 g4 82. Kd3 g3 83. b5 g2 84. Ne2 Be3 85. b6 Bxb6 86. Kd2 g1=Q 0-1

[Event "RUS-ch Blitz Women 2018"]
[Site "Sochi"]
[Date "2018.10.07"]
[Round "9"]
[White "Semenova, Elena"]
[Black "Vasilevich, Tatjana"]
[Result "0-1"]
[ECO "B40"]
[WhiteElo "2152"]
[BlackElo "2360"]
[Annotator "NA"]
[PlyCount "86"]
[EventDate "2018.10.07"]
[EventType "swiss"]
[EventCountry "RUS"]
[SourceTitle "playchess.com"]
[Source "ChessBase"]
[SourceQuality "1"]
[TimeControl "180+2"]

1. e4 c5 2. Nf3 e6 3. b3 b6 4. Bb2 Bb7 5. Bd3 Nf6 6. e5 Nd5 7. Be4 Qc7 8. O-O Be7 9. Re1 O-O 10. c4 Nb4 11. a3 Bxe4 12. Rxe4 Nd3 13. Bc3 f5 14. Re3 Nf4 15. d4 cxd4 16. Qxd4 g5 17. Qd1 h6 18. Bb4 Bc5 19. Bxc5 Qxc5 20. Nc3 Nc6 21. Qd6 g4 22. Qxc5 bxc5 23. Ree1 gxf3 24. g3 Nd3 25. Red1 Ndxe5 26. Nb5 a6 27. Nd6 Nd4 28. b4 Ne2+ 29. Kf1 cxb4 30. axb4 Rfb8 31. b5 axb5 32. cxb5 Nc3 33. Rxa8 Rxa8 34. Rc1 Nd5 35. Re1 Ng4 36. h3 Ngf6 37. Rb1 Rb8 38. Ke1 Kf8 39. Kd2 Ke7 40. Nc4 Ne4+ 41. Kd3 Nd6 42. b6 Nxc4 43. Kxc4 Rxb6 0-1

[Event "RUS-ch Blitz Women 2018"]
[Site "Sochi"]
[Date "2018.10.07"]
[Round "10"]
[White "Bodnaruk, Anastasia"]
[Black "Kovanova, Baira"]
[Result "1-0"]
[ECO "C70"]
[WhiteElo "2423"]
[BlackElo "2350"]
[Annotator "NA RC"]
[PlyCount "159"]
[EventDate "2018.10.07"]
[EventType "swiss"]
[EventCountry "RUS"]
[SourceTitle "playchess.com"]
[Source "ChessBase"]
[SourceQuality "1"]
[TimeControl "180+2"]

1. e4 e5 2. Nf3 Nc6 3. Bb5 a6 4. Ba4 Nge7 5. c3 g6 6. d4 {[%emt 0:00:02] C70: Ruy Lopez: 3...a6 4 Ba4, Norwegian and Delayed Schliemann} exd4 7. cxd4 b5 8. Bc2 (8. d5 bxa4 9. dxc6 Nxc6 10. Qxa4 Bg7 11. O-O O-O 12. Nc3 Rb8 13. Bg5 f6 {0-1 (27) Hou,Y (2658)-Ponomariov,R (2686) Shenzhen 2018}) 8... d6 9. h3 Bg7 10. O-O O-O 11. Nc3 Na5 12. b3 c5 13. Bb2 cxd4 $146 ({Predecessor:} 13... c4 14. b4 Nac6 15. a3 Bd7 16. d5 {½-½ (42) Yazici,U (1696)-Buzas,B (1931) Budva 2013}) 14. Nxd4 Bb7 15. Re1 Rc8 16. Qd2 Nac6 17. Nce2 Nxd4 18. Bxd4 Bxd4 19. Nxd4 d5 20. e5 Nc6 21. Nf3 Qe7 22. Bd3 Rfd8 23. Rad1 Nb4 24. Bb1 Nc6 25. Qh6 $2 Qf8 26. Qh4 Qe7 {[%emt 0:00:01] [#]} 27. Qh6 (27. Ng5 $1 $18 h5 28. e6) 27... Qf8 28. Qf4 Ne7 29. Nd4 Qg7 30. Re3 Nc6 {[%emt 0:00:01] [#]} 31. Nf5 $1 Qf8 32. Nh6+ Kg7 33. Rf3 f5 34. exf6+ Kh8 35. Ng4 $18 d4 36. Bd3 Qf7 37. Nh6 Qf8 38. f7 Qg7 39. Re1 Nb4 40. Rg3 Nd5 41. Qg5 Rf8 42. Be4 Rcd8 43. Bd3 Nb4 44. Bb1 d3 45. Rd1 d2 46. Rxd2 Rxd2 47. Qxd2 Qa1 48. Kh2 Nd5 49. Be4 Qe5 50. Bxd5 Bxd5 51. f4 Qg7 52. Nf5 Qxf7 53. Qd4+ Qf6 54. Qxd5 Qxf5 55. Qd4+ Qf6 56. Rd3 Kg7 57. g3 Rf7 58. Qxf6+ Rxf6 59. Kg2 Rc6 60. Rd2 Kf6 61. Kf3 Rc3+ 62. Kf2 Rc6 63. g4 h5 64. Kg2 hxg4 65. hxg4 Re6 66. Kf3 Rc6 67. Rd3 b4 68. Rd4 a5 69. Rd5 Ra6 70. Rb5 Ke6 71. Ke4 Kf6 72. g5+ Ke6 73. Rb8 Ke7 74. Rb7+ Kd8 75. f5 gxf5+ 76. Kxf5 Ke8 77. g6 Kf8 78. Kg5 Rd6 79. Kh6 Rd1 80. g7+ 1-0

[Event "RUS-ch Blitz Women 2018"]
[Site "Sochi"]
[Date "2018.10.07"]
[Round "10"]
[White "Vasilevich, Tatjana"]
[Black "Semenova, Elena"]
[Result "1-0"]
[ECO "A81"]
[WhiteElo "2360"]
[BlackElo "2152"]
[Annotator "NA"]
[PlyCount "80"]
[EventDate "2018.10.07"]
[EventType "swiss"]
[EventCountry "RUS"]
[SourceTitle "playchess.com"]
[Source "ChessBase"]
[SourceQuality "1"]
[TimeControl "180+2"]

1. d4 f5 2. g3 Nf6 3. Bg2 d6 4. c4 e5 5. dxe5 dxe5 6. Nf3 Qxd1+ 7. Kxd1 Nbd7 8. Nc3 c6 9. Kc2 Bc5 10. e3 Ng4 11. h3 Ngf6 12. a3 a5 13. b3 e4 14. Ne1 Ne5 15. Bb2 Bd6 16. Rd1 Ke7 17. Na4 Nfd7 18. Kb1 Rd8 19. Rd2 Bc7 20. Nc2 Nd3 21. Bxg7 N7e5 22. Nd4 Bd7 23. Nc3 a4 24. Bxe5 Bxe5 25. b4 Bxd4 26. exd4 Be6 27. d5 cxd5 28. cxd5 Bxd5 29. g4 Nf4 30. Nxd5+ Nxd5 31. gxf5 Nc3+ 32. Kc2 Rdc8 33. Kb2 Kf6 34. Rc1 Nb5 35. Bxe4 Rxc1 36. Kxc1 Rc8+ 37. Kb2 Re8 38. Bxb7 Rf8 39. Be4 Ke5 40. Rd1 Nd4 1-0

[Event "RUS-ch Blitz Women 2018"]
[Site "Sochi"]
[Date "2018.10.07"]
[Round "10"]
[White "Voit, Daria"]
[Black "Shuvalova, Polina"]
[Result "1-0"]
[ECO "A05"]
[WhiteElo "2352"]
[BlackElo "2421"]
[Annotator "RC"]
[PlyCount "63"]
[EventDate "2018.10.07"]
[EventType "swiss"]
[EventCountry "RUS"]
[SourceTitle "playchess.com"]
[Source "ChessBase"]
[SourceQuality "1"]
[TimeControl "180+2"]

1. Nf3 Nf6 2. c4 e6 3. g3 d5 4. Bg2 d4 5. O-O c5 6. d3 Nc6 7. e3 Be7 8. exd4 cxd4 9. Re1 O-O 10. Na3 Nd7 11. Nc2 e5 12. a3 a5 13. b3 Re8 14. Rb1 Bf8 15. b4 axb4 16. axb4 Bd6 17. Nd2 h6 18. c5 Bf8 19. Nc4 Qc7 20. Bd2 Nf6 21. f4 Bg4 22. Qc1 Nd7 23. h3 Be6 24. N2a3 f6 25. Nb5 Qb8 26. Kh2 Ra2 27. Ncd6 Rd8 28. Rb2 Ra4 29. f5 Bf7 30. Nxf7 Kxf7 31. Qc4+ Ke8 32. Qe6+ 1-0

[Event "RUS-ch Blitz Women 2018"]
[Site "Sochi"]
[Date "2018.10.07"]
[Round "10"]
[White "Belenkaya, Dina"]
[Black "Goltseva, Ekaterina"]
[Result "1-0"]
[ECO "C47"]
[WhiteElo "2329"]
[BlackElo "2169"]
[Annotator "NA"]
[PlyCount "143"]
[EventDate "2018.10.07"]
[EventType "swiss"]
[EventCountry "RUS"]
[SourceTitle "playchess.com"]
[Source "ChessBase"]
[SourceQuality "1"]
[TimeControl "180+2"]

1. e4 e5 2. Nf3 Nc6 3. Nc3 Nf6 4. d4 exd4 $11 {[%emt 0:00:05] LiveBook: 3543 Partien} 5. Nxd4 Bb4 6. Nxc6 bxc6 7. Bd3 d5 8. exd5 cxd5 9. O-O O-O 10. Bg5 c6 11. Qf3 Bd6 12. Rfe1 Be6 13. h3 Rb8 14. Rab1 h6 15. Bf4 Rb4 16. Ne2 Qb8 17. Bxd6 Qxd6 18. c3 Rb6 19. Nd4 c5 20. Nf5 Bxf5 21. Qxf5 Rfb8 22. b3 a5 23. Bc2 R6b7 24. Rbd1 Rd8 25. Re3 g6 26. Qf3 Re7 27. Rde1 Rde8 28. Bd3 Kg7 29. Bb5 Rxe3 30. fxe3 Re6 31. Rd1 Qe5 32. c4 dxc4 33. Bxc4 Qxe3+ 34. Qxe3 Rxe3 35. Rd6 Re1+ 36. Kh2 Ra1 37. a4 Ne4 38. Rd7 Nd2 39. Rxf7+ Kh8 40. Rf8+ Kg7 41. Rf7+ Kh8 42. Be6 Nf1+ 43. Kg1 Nd2+ 44. Kf2 Rb1 45. Rf8+ Kg7 46. Rb8 c4 47. Ke2 cxb3 48. Kxd2 Rb2+ 49. Kc3 Rxg2 50. Kxb3 Kf6 51. Bd7 Rd2 52. Rb7 Rd4 53. Ra7 h5 54. Bc8 Rd5 55. Ra6+ Kg5 56. Be6 Re5 57. Bf7 Re3+ 58. Kc4 Rxh3 59. Rxg6+ Kf4 60. Kb5 Re3 61. Kxa5 h4 62. Kb4 Re4+ 63. Kb5 Re5+ 64. Kb6 h3 65. Rh6 Kg3 66. a5 h2 67. a6 Re7 68. Bd5 Rd7 69. Bc6 Rd8 70. a7 Kf2 71. Rxh2+ Kg3 72. Rb2 1-0